 Dungeon Crawl Stone Soup version 0.27.1-3-gb3d3a73c9e (webtiles) character file.

Game seed: 10134365786716276065

32 Darkdai the Shooter (level 3, -3/21 HPs)
             Began as a Kobold Arcane Marksman on Oct 29, 2021.
             Slain by a quokka (4 damage)
             ... on level 2 of the Dungeon.
             The game lasted 00:04:12 (1283 turns).

Darkdai the Shooter (Kobold Arcane Marksman)        Turns: 1283, Time: 00:04:13

Health: -3/21      AC:  3    Str:  8    XL:     3   Next: 42%
Magic:  4/4        EV: 14    Int: 14    God:
Gold:   135        SH:  0    Dex: 15    Spells: 3/4 levels left

rFire    + . .     SeeInvis .   a - +0 shortbow
rCold    + . .     Faith    .   (shield currently unavailable)
rNeg     . . .     Spirit   .   g - +0 leather armour {rC+}
rPois    .         Reflect  .   (no helmet)
rElec    .         Harm     .   (no cloak)
rCorr    .         Rampage  .   (no gloves)
Will     .....                  (no boots)
Stlth    ++........             (no amulet)
HPRegen  0.07/turn              f - ring of protection from fire
MPRegen  0.09/turn              (no ring)

@: no status effects
A: small, no large weapons, nightstalker 3
a: no special abilities


You were on level 2 of the Dungeon.
You visited 1 branch of the dungeon, and saw 2 of its levels.

You collected 135 gold pieces.

Inventory:

Hand Weapons
 a - a +0 shortbow (weapon)
Missiles
 c - 5 arrows (quivered ammo)
Armour
 d - a +1 robe
 g - a +0 leather armour of cold resistance (worn)
Jewellery
 f - a ring of protection from fire (left hand)
Scrolls
 b - 3 scrolls of teleportation


   Skills:
 * Level 1.9 Fighting
 * Level 3.2 Bows
 - Level 2.4 Dodging
 + Level 0.1 Stealth
 - Level 1.1 Spellcasting
 - Level 3.0 Hexes


You had 3 spell levels left.
You knew the following spells:

 Your Spells              Type           Power      Damage    Failure   Level
a - Corona                Hex            10%        N/A       11%         1

Your spell library contained the following spells:

 Spells                   Type           Power      Damage    Failure   Level
 Slow                     Hex            9%         N/A       17%         2
 Inner Flame              Hex/Fire       4%         N/A       52%         3
 Portal Projectile        Hex/Tloc       8%         N/A       52%         3
 Cause Fear               Hex            4%         N/A       73%         4


Dungeon Overview and Level Annotations

Branches:
Dungeon (2/15)

Altars:

Shops:
D:1 *

Annotations:
D:2 Jessica


Innate Abilities, Weirdness & Mutations

You are small and have problems with some larger weapons.
You are completely attuned to the shadows.


Message History

The quokka is almost dead.
The bat barely misses you.
Jessica the Apprentice Sorceress comes into view.
She is wielding a +0 club.
Jessica looks very angry.
You shoot an arrow.
The arrow hits Jessica but does no damage.
The bat barely misses you. The bat hits you but does no damage.
Jessica hits you with a +0 club.
Fire: 8 arrows
Press: ? - help, Q - select action, (/) - cycle Shift-Dir - straight line, f/p - Jessica
Aim: Jessica, wielding a +0 club and wearing a +0 robe (59% to hit)
You shoot an arrow. The arrow barely misses Jessica.
The arrow closely misses the quokka.
The bat barely misses you. Jessica hits you with a +0 club.
Fire: 7 arrows
Press: ? - help, Q - select action, (/) - cycle Shift-Dir - straight line, f/p - Jessica
Aim: Jessica, wielding a +0 club and wearing a +0 robe (59% to hit)
You shoot an arrow. The arrow hits Jessica.
Jessica is severely wounded.
The bat closely misses you. Jessica hits you with a +0 club.
The quokka bites you.
Fire: 6 arrows
Press: ? - help, Q - select action, (/) - cycle Shift-Dir - straight line, f/p - Jessica
Aim: Jessica, wielding a +0 club and wearing a +0 robe (severely wounded, 59% to hit)
You shoot an arrow. The arrow hits Jessica.
Jessica is almost dead.
Jessica hits you with a +0 club!
* * * LOW HITPOINT WARNING * * *
The quokka closely misses you.
As you read the scroll labelled FEATE QORHITZU, it crumbles to dust.
You hear a loud clanging noise!
It was a scroll of noise.
You hear an angry hiss.
The quokka completely misses you. Jessica hits you with a +0 club.
* * * LOW HITPOINT WARNING * * *
As you read the scroll labelled XADGHITUISCH, it crumbles to dust.
It is a scroll of identify.
b - 3 scrolls of teleportation The quokka bites you.
You die...

#... #..# #..#
####..###############
#>...................
.##@.##############.
#@r# #. ..b.# ####
..... .... #.#(.##
#### # # # ####


You could see Jessica, a quokka and a bat.

Vanquished Creatures
  5 ball pythons
  6 bats (D:1)
  An endoplasm (D:1)
  2 giant cockroaches (D:1)
  3 goblins
  2 hobgoblins
  A quokka (D:1)
  A frilled lizard (D:1)
  A kobold (D:1)
  8 rats (D:1)
30 creatures vanquished.

Notes
Turn   | Place    | Note
-------+----------+-------------------------------------------
     0 | D:1      | Darkdai the Kobold Arcane Marksman began the quest for the
                  | Orb.
     0 | D:1      | Reached XP level 1. HP: 12/12 MP: 2/2
   208 | D:1      | Reached XP level 2. HP: 12/16 MP: 3/3
   455 | D:1      | Found Mahabbi's Assorted Antiques.
   810 | D:1      | Reached XP level 3. HP: 20/20 MP: 4/4
  1277 | D:2      | Noticed Jessica
  1282 | D:2      | HP: 1/21 [Jessica (2)]
  1283 | D:2      | Slain by a quokka

Illustrated notes

Levels and vault maps discovered:
D:1:      erik_arrival_blinker_ship, layout_loops_corners, serial_shops,
          nicolae_shop_overgrown_old_shop, minmay_rat_gold_closets
D:2:      layout_basic, uniq_natasha, uniq_jessica, uniq_crazy_yiuf_cottage

Skill      XL: |  1  2 |
---------------+-------+-----
Bows           | 3 |  3.2
Fighting       | |  1.9
Dodging        | |  2.4
Stealth        | |  0.1
Spellcasting   | |  1.1
Hexes          | |  3.0

Action                   || total
-------------------------++-------
 Fire: Shortbow          ||    71
  Use: Scroll            ||     4
Armor: Robe              ||     3
       Leather armour    ||     3
Dodge: Dodged            ||    31
